[Event "7th Summer Cup 2024"]
[Site "Rhodes"]
[Date "2024.06.27"]
[Round "6.2"]
[White "Nasuta, Grzegorz"]
[Black "Papasimakopoulos, Alexandros"]
[Result "1-0"]
[ECO "B07"]
[WhiteElo "2541"]
[BlackElo "2375"]
[Annotator "TA"]
[PlyCount "59"]
[EventDate "2024.06.21"]
[EventType "swiss"]
[EventCountry "GRE"]
[SourceTitle "playchess.com"]
[Source "ChessBase"]
[SourceQuality "1"]
[TimeControl "40/5400+30:900+30"]

1. e4 Nc6 2. Nc3 Nf6 3. d4 d6 4. Nge2 e5 5. f3 a6 6. Be3 Be7 7. Qd2 O-O 8. d5 {[%emt 0:04:48] White is slightly better.} Na5 9. Ng3 {[%emt 0:01:07] Black must now prevent b4.} c5 10. a3 Qc7 (10... b5 $14) 11. Be2 ({White should play} 11. b4 $16) 11... b5 $14 12. O-O Rb8 13. b3 {[%emt 0:01:55] White is more active. White now steadily converts the win.} g6 (13... Nb7 $142) 14. Bh6 $16 Re8 15. f4 {[%emt 0:00:29] Hoping for fxe5.} Nd7 (15... Nb7 $16 16. f5 Kh8) 16. f5 $18 f6 $2 (16... Qd8 17. Qe3 Nf6) 17. fxg6 hxg6 {[%emt 0:00:02] Black is weak on the light squares} 18. Bg4 (18. Nh5 $142 {[%cal Oh6g7] Threatens to win with Bg7!} Qd8 19. Bg7 (19. Ng7 Nb6 $18) 19... Nxb3 20. Qh6 (20. cxb3 Bb7 $18)) 18... Kh7 {[%emt 0:05:22] [#]} (18... Nf8 {might work better.}) 19. Nf5 $1 {[%emt 0:01:11][%mdl 512] White is clearly winning.} Bf8 {[%emt 0:02:24] [#] Inhibits Bg7.} (19... Nf8 20. Bg7) 20. Rf3 $1 Kg8 {[%emt 0:00:50][%cal Bh7g8,Bg8g7,Bg7f7][%mdl 32] [#]} (20... c4 21. b4) 21. Raf1 $1 b4 (21... c4 22. b4) 22. Bxf8 gxf5 23. Bxf5 {[%emt 0:00:22][%cal Od2h6] Intending Qh6! and mate.} Nxf8 24. Rg3+ Qg7 25. Rxg7+ Kxg7 26. axb4 Bxf5 27. Rxf5 cxb4 28. Ne2 {[%emt 0:00:02] Ng3 is the strong threat.} Nd7 29. Ng3 {[%emt 0:00:31] Nh5+ would kill now.} Kf7 30. Rh5 {[%emt 0:00:05] Weighted Error Value: White=0.37/Black=0.49.  Mistake:       	White=1     	Black=4      Inaccurate:     	White=1     	Black=2      OK:         	White=5     	Black=4      Best:        	White=3     	---} 1-0

[Event "7th Summer Cup 2024"]
[Site "Rhodes"]
[Date "2024.06.27"]
[Round "6.3"]
[White "Ladopoulos, Dimitrios"]
[Black "Budisavljevic, Luka"]
[Result "1/2-1/2"]
[ECO "A31"]
[WhiteElo "2374"]
[BlackElo "2468"]
[Annotator "TA"]
[PlyCount "114"]
[EventDate "2024.06.21"]
[EventType "swiss"]
[EventCountry "GRE"]
[SourceTitle "playchess.com"]
[Source "ChessBase"]
[SourceQuality "1"]
[TimeControl "40/5400+30:900+30"]

1. Nf3 Nf6 2. d4 c5 3. c4 cxd4 4. Nxd4 Nc6 5. g3 Qb6 6. e3 e6 7. Bg2 d5 8. cxd5 Bb4+ 9. Bd2 Nxd4 {[%emt 0:11:20] The position is equal.} 10. exd4 Nxd5 11. Nc3 Qxd4 12. Nxd5 Bxd2+ 13. Qxd2 Qxd2+ 14. Kxd2 exd5 15. Bxd5 O-O {[%emt 0:02:25] [#] Threatens to win with ...Rd8.} 16. Kc3 Be6 17. Bxe6 fxe6 $11 {[%emt 0:00:01][%mdl 4096] Endgame. KRR-KRR} 18. f4 Rac8+ 19. Kb3 Rf5 20. Rac1 Rb5+ 21. Ka3 Rbc5 22. Rxc5 Rxc5 {[%emt 0:00:03] KR-KR} 23. Rd1 Rc7 24. Rd8+ Kf7 25. Ra8 a6 26. Kb3 h6 27. Rh8 Kg6 28. Rf8 Rc1 29. Rb8 Rc7 30. Rf8 h5 31. a3 Rc1 32. Rb8 Rh1 33. Rxb7 Rxh2 34. Rb6 Kf6 35. Ka4 Rh3 36. Rxa6 {[%emt 0:07:16] [#] aiming for Ra8.} Rxg3 37. b4 h4 {[%emt 0:00:08] White must now prevent ...h3.} 38. Ra8 Rg6 {[%emt 0:02:07] And now ...h3 would win.} 39. b5 {[%emt 0:03:37] Strongly threatening b6.} h3 {[%emt 0:00:05] ...h2 is the strong threat.} 40. Rh8 (40. b6 $5 h2 $8 41. Rh8 $15) 40... Rh6 41. Rxh6+ gxh6 {[%emt 0:00:16] K3P-K3P} 42. b6 h2 (42... Ke7 $5 43. b7 $8 h2 $11) 43. b7 h1=Q (43... h1=R 44. b8=Q (44. b8=R Re1 $11) 44... Kg6 45. Qe5 $18) 44. b8=Q {[%emt 0:00:07] KQ-KQ} Qd1+ 45. Ka5 Qd2+ 46. Ka4 Qc2+ 47. Ka5 $1 Qc5+ 48. Ka4 Kf5 49. Qb1+ Kf6 {[%emt 0:00:23] ( -> ...Qa7+)} 50. Qb4 Qa7+ 51. Kb3 h5 52. a4 Qe3+ 53. Kc2 {[%emt 0:01:01] Qf8+ would now be deadly.} Qf2+ (53... h4 $5) 54. Kd3 Qf3+ 55. Kd2 Qf2+ 56. Kd3 Qg3+ 57. Ke2 {[%emt 0:00:43] Intending Qf8+ and mate.} Qg2+ {[%emt 0:00:11] A balanced but interesting game.   Weighted Error Value: White=0.02 (flawless) /Black=0.01 (flawless) .  OK:         	White=26    	Black=24     Best:        	White=6     	Black=2      Strong:       	White=1     	---} 1/2-1/2

[Event "7th Summer Cup 2024"]
[Site "Rhodes"]
[Date "2024.06.27"]
[Round "6.4"]
[White "Sibashvili, Giorgi"]
[Black "Mostbauer, Florian"]
[Result "0-1"]
[ECO "A11"]
[WhiteElo "2423"]
[BlackElo "2324"]
[Annotator "RC"]
[PlyCount "64"]
[EventDate "2024.06.21"]
[EventType "swiss"]
[EventCountry "GRE"]
[SourceTitle "playchess.com"]
[Source "ChessBase"]
[SourceQuality "1"]
[TimeControl "40/5400+30:900+30"]

1. c4 c6 2. g3 d5 3. Nf3 Bg4 4. Ne5 Be6 5. d4 Nd7 6. cxd5 Bxd5 7. f3 Nxe5 8. dxe5 g6 9. Nc3 Be6 10. Qxd8+ Rxd8 11. e4 Bg7 12. f4 f6 13. exf6 Nxf6 14. Be3 b6 15. h3 O-O 16. g4 Ne8 17. Bg2 Rd3 18. Kf2 Nd6 19. Rhe1 Nc4 20. Bc1 Nxb2 21. Bxb2 Bxc3 22. Bxc3 Rxf4+ 23. Kg1 Rxc3 24. Rac1 Rxc1 25. Rxc1 c5 26. a4 c4 27. Rb1 Rf8 28. a5 bxa5 29. e5 c3 30. Be4 Rf4 31. Bc2 a4 32. Rb7 Bb3 0-1

[Event "7th Summer Cup 2024"]
[Site "Rhodes"]
[Date "2024.06.27"]
[Round "6.5"]
[White "Sandalakis, Nikolaos"]
[Black "Rigopoulos-Tsigkos, Alexandros"]
[Result "1-0"]
[ECO "B42"]
[WhiteElo "2229"]
[BlackElo "2039"]
[Annotator "RC"]
[PlyCount "65"]
[EventDate "2024.06.21"]
[EventType "swiss"]
[EventCountry "GRE"]
[SourceTitle "playchess.com"]
[Source "ChessBase"]
[SourceQuality "1"]
[TimeControl "40/5400+30:900+30"]

1. e4 c5 2. Nf3 e6 3. d4 cxd4 4. Nxd4 a6 5. Bd3 Bc5 6. Nb3 Be7 7. Qg4 g6 8. Qe2 d6 9. a4 b6 10. O-O Nd7 11. Na3 Bb7 12. Nc4 Qc7 13. a5 b5 14. Nb6 Rd8 15. Nxd7 Qxd7 16. c4 bxc4 17. Bxc4 Ra8 18. Rd1 Qc6 19. f3 Nf6 20. Bh6 Qc7 21. Rac1 Qb8 22. Nc5 Qa7 23. Bb5+ axb5 24. Qxb5+ Bc6 25. Qxc6+ Nd7 26. Kh1 Rb8 27. Na6 Rb7 28. Nc7+ Rxc7 29. Qxc7 Qxc7 30. Rxc7 Bd8 31. Rc8 Ke7 32. a6 Nb6 33. a7 1-0

[Event "7th Summer Cup 2024"]
[Site "Rhodes"]
[Date "2024.06.27"]
[Round "6.6"]
[White "Hofstadler, Mario"]
[Black "Seres, Bela"]
[Result "1-0"]
[ECO "E68"]
[WhiteElo "2103"]
[BlackElo "2126"]
[Annotator "RC"]
[PlyCount "91"]
[EventDate "2024.06.21"]
[EventType "swiss"]
[EventCountry "GRE"]
[SourceTitle "playchess.com"]
[Source "ChessBase"]
[SourceQuality "1"]
[TimeControl "40/5400+30:900+30"]

1. d4 g6 2. Nf3 Bg7 3. g3 d6 4. Bg2 Nd7 5. O-O Ngf6 6. c4 O-O 7. Nc3 e5 8. e4 exd4 9. Nxd4 Nc5 10. h3 Re8 11. Re1 a5 12. b3 Bd7 13. Bf4 Nh5 14. Be3 Ne6 15. Nde2 Bc6 16. Qc2 g5 17. Rad1 Qf6 18. Nd5 Qg6 19. Qd2 Nf6 20. Nec3 Rac8 21. Nxf6+ Bxf6 22. Nd5 Bxd5 23. exd5 Nc5 24. Qxa5 Qg7 25. Bxc5 Rxe1+ 26. Rxe1 dxc5 27. Qxc5 Bc3 28. Re2 Be5 29. Qb5 b6 30. Be4 Qf6 31. Qd7 Rd8 32. Qg4 h6 33. Bc2 Qg7 34. Kg2 Bd6 35. a4 Kf8 36. Qe4 Qf6 37. Re3 Bc5 38. Rf3 Qg7 39. Qg4 Re8 40. Bf5 Ke7 41. Bc8 Rd8 42. Qe4+ Kd6 43. Bg4 Bd4 44. Bh5 Rd7 45. Bxf7 Qe5 46. Qg6+ 1-0

[Event "7th Summer Cup 2024"]
[Site "Rhodes"]
[Date "2024.06.27"]
[Round "6.7"]
[White "Szalay-Ocsak, Bank"]
[Black "Ghaith Saeed Alnuaimi"]
[Result "1-0"]
[ECO "B15"]
[WhiteElo "2279"]
[BlackElo "1799"]
[Annotator "RC"]
[PlyCount "121"]
[EventDate "2024.06.21"]
[EventType "swiss"]
[EventCountry "GRE"]
[SourceTitle "playchess.com"]
[Source "ChessBase"]
[SourceQuality "1"]
[TimeControl "40/5400+30:900+30"]

1. e4 c6 2. d4 d5 3. Nc3 dxe4 4. Nxe4 Nf6 5. Nxf6+ exf6 6. c3 Bd6 7. Bd3 O-O 8. Qc2 Re8+ 9. Ne2 h5 10. O-O h4 11. h3 Nd7 12. Bd2 Nf8 13. Rae1 Ne6 14. f4 Bd7 15. Kh1 Rc8 16. c4 Bb8 17. Be3 Qa5 18. Bh7+ Kh8 19. Qf5 Qxf5 20. Bxf5 g6 21. Bc2 Kg7 22. Bd2 Rcd8 23. f5 Ng5 24. fxg6 fxg6 25. Nf4 Bc8 26. Nxg6 Bg3 27. Re7+ Rxe7 28. Nxe7 Be6 29. d5 cxd5 30. cxd5 Bxd5 31. Bxg5 fxg5 32. Rd1 Be4 33. Rxd8 Bxc2 34. Rd7 Be4 35. Nf5+ Kf6 36. Nxg3 hxg3 37. Kg1 a6 38. Rc7 Bc6 39. Rc8 Kf7 40. a4 Ke6 41. b3 Ke5 42. Rg8 Kf5 43. Rf8+ Ke5 44. Rg8 Kf5 45. a5 Kf4 46. Rf8+ Ke5 47. Rf3 Bxf3 48. gxf3 Kd4 49. Kg2 Kc3 50. Kxg3 Kxb3 51. f4 gxf4+ 52. Kxf4 Kb4 53. h4 Kxa5 54. h5 b5 55. h6 b4 56. h7 b3 57. h8=Q Kb4 58. Qd4+ Ka3 59. Qa1+ Kb4 60. Qxa6 b2 61. Qa2 1-0

[Event "7th Summer Cup 2024"]
[Site "Rhodes"]
[Date "2024.06.27"]
[Round "6.8"]
[White "Gelle, Istvan"]
[Black "Al Maamari, Wafia Darwish"]
[Result "1-0"]
[ECO "D02"]
[WhiteElo "2163"]
[BlackElo "1933"]
[Annotator "RC"]
[PlyCount "73"]
[EventDate "2024.06.21"]
[EventType "swiss"]
[EventCountry "GRE"]
[SourceTitle "playchess.com"]
[Source "ChessBase"]
[SourceQuality "1"]
[TimeControl "40/5400+30:900+30"]

1. d4 d5 2. Nf3 Nf6 3. Bf4 c5 4. e3 Nc6 5. Nbd2 Bf5 6. dxc5 Qa5 7. Nd4 Bg4 8. f3 Bd7 9. N4b3 Qd8 10. c4 a5 11. Bg5 e6 12. cxd5 exd5 13. Rc1 Qe7 14. Bb5 h6 15. Bxf6 Qxe3+ 16. Be2 gxf6 17. Rc3 Qg5 18. O-O Rg8 19. Rf2 a4 20. Nc1 Ra5 21. f4 Qg7 22. Nd3 Bf5 23. b4 axb3 24. Nxb3 Ra8 25. Ne1 Be4 26. Bb5 Kd8 27. Bxc6 bxc6 28. Nd4 f5 29. Nxc6+ Kc7 30. Ne5 Ra5 31. Qd4 f6 32. Qb4 Ra6 33. Rb2 fxe5 34. Qb8+ Kd7 35. Rb7+ Ke6 36. Qc8+ Kf6 37. Rxg7 1-0